Workbook
Name _1Excel_BuiltIn_Print_Area_1_1_1: Доходы!$A$1:$C$34
Name _2Excel_BuiltIn_Print_Area_7_1_1: #REF!
Name _2Excel_BuiltIn_Print_Area_7_1_1: #REF!
Name _Toc105952698: Функцион!$A$3
Name _Toc105952698: #REF!
Name Excel_BuiltIn_Print_Area_1: Доходы!$A$1:$C$34
Name Excel_BuiltIn_Print_Area_1_1: Доходы!$A$1:$C$34
Name Excel_BuiltIn_Print_Area_2: #REF!
Name Excel_BuiltIn_Print_Area_2: #REF!
Name Excel_BuiltIn_Print_Area_3: #REF!
Name Excel_BuiltIn_Print_Area_3_1: #REF!
Name Excel_BuiltIn_Print_Area_3_1: #REF!
Name Excel_BuiltIn_Print_Area_4: #REF!
Name Excel_BuiltIn_Print_Area_4: #REF!
Name Excel_BuiltIn_Print_Area_5: Функцион!$A$1:$I$50
Name Excel_BuiltIn_Print_Area_5: #REF!
Name Excel_BuiltIn_Print_Area_5_1: Функцион!$A$1:$I$50
Name Excel_BuiltIn_Print_Area_5_1: #REF!
Name Excel_BuiltIn_Print_Area_6: Ведомствен!$A$1:$G$44
Name Excel_BuiltIn_Print_Area_6_1: Ведомствен!$A$1:$G$44
Name Excel_BuiltIn_Print_Area_7: #REF!
Name Excel_BuiltIn_Print_Area_7: #REF!
Name Excel_BuiltIn_Print_Area_7_1: #REF!
Name Excel_BuiltIn_Print_Area_7_1: #REF!

Sheet Доходы
D1: Приложение 1
A3: ДОХОДЫ БЮДЖЕТА АДАШЕВСКОГО СЕЛЬСКОГО ПОСЕЛЕНИЯ КАДОШКИНСКОГО МУНИЦИПАЛЬНОГО РАЙОНА РЕСПУБЛИКИ МОРДОВИЯ
C5: (тыс.рублей)
A6: Код бюджетной классификации доходов бюджета | B6: Наименование доходов | C6: Сумма
C7: План 2020 год | D7: Исполнение 2020 год | E7: % исполнения
A8: 1 | B8: 2 | C8: 3 | D8: 4 | E8: 5
B9: ВСЕГО ДОХОДОВ | C9: =SUM(C10+C24) -> 1555.9 | D9: =SUM(D10+D24) -> 1454.9 | E9: =D9/C9*100 -> 93.50858
A10: 00010000000000000000 | B10: НАЛОГОВЫЕ И НЕНАЛОГОВЫЕ ДОХОДЫ | C10: =SUM(C11+C14+C16+C18+C21) -> 500.2 | D10: =SUM(D11+D14+D16+D18+D21) -> 510.7 | E10: =D10/C10*100 -> 102.09916
A11: 00010100000000000000 | B11: НАЛОГИ НА ПРИБЫЛЬ, ДОХОДЫ | C11: =SUM(C12) -> 20.7 | D11: =SUM(D12) -> 16.8 | E11: =D11/C11*100 -> 81.15942
A12: 00010102000010000110 | B12: Налог на доходы физических лиц | C12: =SUM(C13) -> 20.7 | D12: =SUM(D13) -> 16.8 | E12: =D12/C12*100 -> 81.15942
A13: 18210102010010000110 | B13: Налог на доходы физических лиц с доходов, источником которых является налоговый агент, за исключением доходов, в отношении которых исчисление и уплата налога осуществляются в соответствии со статьями 227, 2271 и 228 Налогового кодекса Российской Федерации | C13: 20.7 | D13: 16.8 | E13: =D13/C13*100 -> 81.15942
A14: 00010500000000000000 | B14: НАЛОГИ НА СОВОКУПНЫЙ ДОХОД | C14: =SUM(C15) -> 28.3 | D14: =SUM(D15) -> 66.7 | E14: =D14/C14*100 -> 235.68905
A15: 18210503010010000110 | B15: Единый сельскохозяйственный налог | C15: 28.3 | D15: 66.7 | E15: =D15/C15*100 -> 235.68905
A16: 00010600000000000000 | B16: НАЛОГИ НА ИМУЩЕСТВО | C16: =SUM(C17) -> 55 | D16: =SUM(D17) -> 39.7 | E16: =D16/C16*100 -> 72.181818
A17: 18210601030100000110 | B17: Налог на имущество физических лиц, взимаемый по ставкам, применяемым к объектам налогообложения, расположенным в границах сельских поселений | C17: 55 | D17: 39.7 | E17: =D17/C17*100 -> 72.181818
A18: 00010606000000000110 | B18: Земельный налог | C18: =SUM(C19+C20) -> 350 | D18: =SUM(D19+D20) -> 340.4 | E18: =D18/C18*100 -> 97.257143
A19: 18210606033100000110 | B19: Земельный налог с организаций, обладающих земельным участком, расположенным в границах сельских поселений | C19: 88 | D19: 82.4 | E19: =D19/C19*100 -> 93.636364
A20: 18210606043100000110 | B20: Земельный налог с физических лиц, обладающих земельным участком, расположенным в границах сельских поселений | C20: 262 | D20: 258 | E20: =D20/C20*100 -> 98.473282
A21: 00011100000000000000 | B21: ДОХОДЫ ОТ ИСПОЛЬЗОВАНИЯ ИМУЩЕСТВА, НАХОДЯЩЕГОСЯ В ГОСУДАРСТВЕННОЙ И МУНИЦИПАЛЬНОЙ СОБСТВЕННОСТИ | C21: =SUM(C22+C23) -> 46.2 | D21: =SUM(D22+D23) -> 47.1 | E21: =D21/C21*100 -> 101.94805
A22: 91011105025100000120 | B22: Доходы, получаемые в виде арендной платы, а также средства от продажи права на заключение договоров аренды за земли, находящиеся в собственности сельских поселений (за исключением земельных участков муниципальных бюджетных и автономных учреждений) | C22: 17.2 | D22: 17.2 | E22: =D22/C22*100 -> 100
A23: 91011105035100000120 | B23: Доходы от сдачи в аренду имущества, находящегося в оперативном управлении органов управления сельских поселений и созданных ими учреждений (за исключением имущества муниципальных бюджетных и автономных учреждений) | C23: 29 | D23: 29.9 | E23: =D23/C23*100 -> 103.10345
A24: 00020200000000000000 | B24: БЕЗВОЗМЕЗДНЫЕ ПОСТУПЛЕНИЯ ОТ ДРУГИХ БЮДЖЕТОВ БЮДЖЕТНОЙ СИСТЕМЫ РОССИЙСКОЙ ФЕДЕРАЦИИ | C24: =SUM(C30+C33+C25+C27) -> 1055.7 | D24: =SUM(D30+D33+D25+D27) -> 944.2 | E24: =D24/C24*100 -> 89.438287
A25: 00020210000000000150 | B25: Дотации бюджетам бюджетной системы Российской Федерации | C25: =C26 -> 27.8 | D25: =D26 -> 27.8 | E25: =D25/C25*100 -> 100
A26: 91020215001100000150 | B26: Дотации бюджетам сельских поселений на выравнивание бюджетной обеспеченности | C26: 27.8 | D26: 27.8 | E26: =D26/C26*100 -> 100
A27: 00020220000000000150 | B27: Субсидии бюджетам бюджетной системы Российской Федерации (межбюджетные субсидии) | C27: =C29+C28 -> 724.2 | D27: =D29+D28 -> 627.1 | E27: =D27/C27*100 -> 86.592102
A28: 91020225576100000150 | B28: Субсидии бюджетам сельских поселений на обеспечение комплексного развития сельских территорий | C28: 344 | D28: 246.9 | E28: =D28/C28*100 -> 71.773256
A29: 91020229999100000150 | B29: Прочие субсидии бюджетам сельских поселений | C29: 380.2 | D29: 380.2 | E29: =D29/C29*100 -> 100
A30: 00020230000000000150 | B30: Субвенции бюджетам бюджетной системы Российской Федерации | C30: =SUM(C31+C32) -> 84.6 | D30: =SUM(D31+D32) -> 84.6 | E30: =D30/C30*100 -> 100
A31: 91020230024100000150 | B31: Субвенции на осуществление государственных полномочий Республики Мордовия по определению перечня должностных лиц, уполномоченных составлять протоколы об административных правонарушениях, предусмотренных Законом Республики Мордовия от 15 июня 2015 года № 38-З "Об административной ответственности на территории Республики Мордовия" | C31: 0.1 | D31: 0.1 | E31: =D31/C31*100 -> 100
A32: 91020235118100000150 | B32: Субвенции бюджетам сельских поселений на осуществление первичного воинского учета на территориях, где отсутствуют военные комиссариаты | C32: =78.7+5.8 -> 84.5 | D32: 84.5 | E32: =D32/C32*100 -> 100
A33: 00020240000000000150 | B33: Иные межбюджетные трансферты | C33: =SUM(C34) -> 219.1 | D33: =SUM(D34) -> 204.7 | E33: =D33/C33*100 -> 93.427659
A34: 91020240014100000150 | B34: Межбюджетные трансферты, передаваемые бюджетам сельских поселений из бюджетов муниципальных районов на осуществление части полномочий по решению вопросов местного значения в соответствии с заключенными соглашениями | C34: 219.1 | D34: 204.7 | E34: =D34/C34*100 -> 93.427659

Sheet Функцион
I1: Приложение 2
A3: РАСПРЕДЕЛЕНИЕ БЮДЖЕТНЫХ АССИГНОВАНИЙ БЮДЖЕТА АДАШЕВСКОГО СЕЛЬСКОГО ПОСЕЛЕНИЯ КАДОШКИНСКОГО МУНИЦИПАЛЬНОГО РАЙОНА РЕСПУБЛИКИ МОРДОВИЯ ПО РАЗДЕЛАМ, ПОДРАЗДЕЛАМ, ЦЕЛЕВЫМ СТАТЬЯМ (ГОСУДАРСТВЕННЫМ ПРОГРАММАМ И НЕПРОГРАММНЫМ НАПРАВЛЕНИЯМ ДЕЯТЕЛЬНОСТИ), ГРУППАМ (ГРУППАМ И ПОДГРУППАМ) ВИДОВ РАСХОДОВ КЛАССИФИКАЦИИ РАСХОДОВ БЮДЖЕТОВ НА 2020 ГОД
A5: Наименование | B5: Рз | C5: ПР | D5: ЦСР | H5: ВР | I5: Сумма (тыс. рублей)
I6: план 2020 | J6: фактическое исполнение 2020 | K6: % исполнения
A7: 1 | B7: 2 | C7: 3 | D7: 4 | E7: 5 | F7: 6 | G7: 7 | H7: 8 | I7: 9 | J7: 10 | K7: 11
A8: ВСЕГО | I8: =I9+I57+I66+I73+I94+I101 -> 1809.7 | J8: =J9+J57+J66+J73+J94+J101 -> 1695.2 | K8: =J8/I8*100 -> 93.672984
A9: Общегосударственные вопросы | B9: 01 | I9: =I10+I19+I38 -> 981.2 | J9: =J10+J19+J38 -> 980.2 | K9: =J9/I9*100 -> 99.898084
A10: Функционирование высшего должностного лица субъекта Российской Федерации и муниципального образования | B10: 01 | C10: 02 | I10: =I11 -> 441.1 | J10: =J11 -> 441.1 | K10: =J10/I10*100 -> 100
A11: Обеспечение деятельности администрации | B11: 01 | C11: 02 | D11: 65 | I11: =I12 -> 441.1 | J11: =J12 -> 441.1 | K11: =J11/I11*100 -> 100
A12: Высшее должностное лицо | B12: 01 | C12: 02 | D12: 65 | E12: 1 | I12: =I13+I16 -> 441.1 | J12: =J13+J16 -> 441.1 | K12: =J12/I12*100 -> 100
A13: Расходы на выплаты по оплате труда высшего должностного лица | B13: 01 | C13: 02 | D13: 65 | E13: 1 | F13: 00 | G13: 41150 | I13: =I14 -> 241.2 | J13: =J14 -> 241.2 | K13: =J13/I13*100 -> 100
A14: Расходы на выплаты персоналу в целях обеспечения выполнения функций государственными (муниципальными) органами, казенными учреждениями, органами управления государственными внебюджетными фондами | B14: 01 | C14: 02 | D14: 65 | E14: 1 | F14: 00 | G14: 41150 | H14: 100 | I14: =I15 -> 241.2 | J14: =J15 -> 241.2 | K14: =J14/I14*100 -> 100
A15: Расходы на выплаты персоналу государственных (муниципальных) органов | B15: 01 | C15: 02 | D15: 65 | E15: 1 | F15: 00 | G15: 41150 | H15: 120 | I15: =Ведомствен!J16 -> 241.2 | J15: =Ведомствен!K16 -> 241.2 | K15: =J15/I15*100 -> 100
A16: Субсидии на софинансирование расходных обязательств по финансовому обеспечению деятельности органов местного самоуправления и муниципальных учреждений | B16: 01 | C16: 02 | D16: 65 | E16: 1 | F16: 00 | G16: 44205 | I16: =I17 -> 199.9 | J16: =J17 -> 199.9 | K16: =J16/I16*100 -> 100
A17: Расходы на выплаты персоналу в целях обеспечения выполнения функций государственными (муниципальными) органами, казенными учреждениями, органами управления государственными внебюджетными фондами | B17: 01 | C17: 02 | D17: 65 | E17: 1 | F17: 00 | G17: 44205 | H17: 100 | I17: =I18 -> 199.9 | J17: =J18 -> 199.9 | K17: =J17/I17*100 -> 100
A18: Расходы на выплаты персоналу государственных (муниципальных) органов | B18: 01 | C18: 02 | D18: 65 | E18: 1 | F18: 00 | G18: 44205 | H18: 120 | I18: =Ведомствен!J19 -> 199.9 | J18: =Ведомствен!K19 -> 199.9 | K18: =J18/I18*100 -> 100
A19: Функционирование Правительства Российской Федерации, высших органов исполнительной власти субъектов Российской Федерации, местных администраций | B19: 01 | C19: 04 | I19: =I20+I33 -> 539.1 | J19: =J20+J33 -> 539.1 | K19: =J19/I19*100 -> 100
A20: Обеспечение деятельности администрации | B20: 01 | C20: 04 | D20: 65 | I20: =I21 -> 539 | J20: =J21 -> 539 | K20: =J20/I20*100 -> 100
A21: Непрограммные расходы в рамках обеспечения деятельности администрации | B21: 01 | C21: 04 | D21: 65 | E21: 2 | I21: =I22+I30+I25 -> 539 | J21: =J22+J30+J25 -> 539 | K21: =J21/I21*100 -> 100
A22: Расходы на выплаты по оплате труда работников органов местного самоуправления | B22: 01 | C22: 04 | D22: 65 | E22: 2 | F22: 00 | G22: 41110 | I22: =I23 -> 181.9 | J22: =J23 -> 181.9 | K22: =J22/I22*100 -> 100
A23: Расходы на выплаты персоналу в целях обеспечения выполнения функций государственными (муниципальными) органами, казенными учреждениями, органами управления государственными внебюджетными фондами | B23: 01 | C23: 04 | D23: 65 | E23: 2 | F23: 00 | G23: 41110 | H23: 100 | I23: =I24 -> 181.9 | J23: =J24 -> 181.9 | K23: =J23/I23*100 -> 100
A24: Расходы на выплаты персоналу государственных (муниципальных) органов | B24: 01 | C24: 04 | D24: 65 | E24: 2 | F24: 00 | G24: 41110 | H24: 120 | I24: =Ведомствен!J25 -> 181.9 | J24: =Ведомствен!K25 -> 181.9 | K24: =J24/I24*100 -> 100
A25: Расходы на обеспечение функций органов местного самоуправления | B25: 01 | C25: 04 | D25: 65 | E25: 2 | F25: 00 | G25: 41120 | I25: =I28+I26 -> 176.8 | J25: =J28+J26 -> 176.8 | K25: =J25/I25*100 -> 100
A26: Закупка товаров, работ и услуг для обеспечения государственных (муниципальных) нужд | B26: 01 | C26: 04 | D26: 65 | E26: 2 | F26: 00 | G26: 41120 | H26: 200 | I26: =I27 -> 151.2 | J26: =J27 -> 151.2 | K26: =J26/I26*100 -> 100
A27: Иные закупки товаров, работ и услуг для обеспечения государственных (муниципальных) нужд | B27: 01 | C27: 04 | D27: 65 | E27: 2 | F27: 00 | G27: 41120 | H27: 240 | I27: =Ведомствен!J28 -> 151.2 | J27: =Ведомствен!K28 -> 151.2 | K27: =J27/I27*100 -> 100
A28: Иные бюджетные ассигнования | B28: 01 | C28: 04 | D28: 65 | E28: 2 | F28: 00 | G28: 41120 | H28: 800 | I28: =I29 -> 25.6 | J28: =J29 -> 25.6 | K28: =J28/I28*100 -> 100
A29: Уплата налогов, сборов и иных платежей | B29: 01 | C29: 04 | D29: 65 | E29: 2 | F29: 00 | G29: 41120 | H29: 850 | I29: =Ведомствен!J30 -> 25.6 | J29: =Ведомствен!K30 -> 25.6 | K29: =J29/I29*100 -> 100
A30: Субсидии на софинансирование расходных обязательств по финансовому обеспечению деятельности органов местного самоуправления и муниципальных учреждений | B30: 01 | C30: 04 | D30: 65 | E30: 2 | F30: 00 | G30: 44205 | I30: =I31 -> 180.3 | J30: =J31 -> 180.3 | K30: =J30/I30*100 -> 100
A31: Расходы на выплаты персоналу в целях обеспечения выполнения функций государственными (муниципальными) органами, казенными учреждениями, органами управления государственными внебюджетными фондами | B31: 01 | C31: 04 | D31: 65 | E31: 2 | F31: 00 | G31: 44205 | H31: 100 | I31: =I32 -> 180.3 | J31: =J32 -> 180.3 | K31: =J31/I31*100 -> 100
A32: Расходы на выплаты персоналу государственных (муниципальных) органов | B32: 01 | C32: 04 | D32: 65 | E32: 2 | F32: 00 | G32: 44205 | H32: 120 | I32: =Ведомствен!J33 -> 180.3 | J32: =Ведомствен!K33 -> 180.3 | K32: =J32/I32*100 -> 100
A33: Непрограммные расходы главных распорядителей средств бюджета Адашевского сельского поселения Кадошкинского муниципального района Республики Мордовия | B33: 01 | C33: 04 | D33: 89 | I33: =I34 -> 0.1 | J33: =J34 -> 0.1 | K33: =J33/I33*100 -> 100
A34: Непрограммные расходы в рамках обеспечения деятельности главных распорядителей средств бюджета Адашевского сельского поселения Кадошкинского муниципального района Республики Мордовия | B34: 01 | C34: 04 | D34: 89 | E34: 1 | I34: =I35 -> 0.1 | J34: =J35 -> 0.1 | K34: =J34/I34*100 -> 100
A35: Осуществление государственных полномочий Республики Мордовия по определению перечня должностных лиц, уполномоченных составлять протоколы об административных правонарушениях, предусмотренных Законом Республики Мордовия от 15 июня 2015 года № 38-З "Об административной ответственности на территории Республики Мордовия" | B35: 01 | C35: 04 | D35: 89 | E35: 1 | F35: 00 | G35: 77150 | I35: =I36 -> 0.1 | J35: =J36 -> 0.1 | K35: =J35/I35*100 -> 100
A36: Закупка товаров, работ и услуг для обеспечения государственных (муниципальных) нужд | B36: 01 | C36: 04 | D36: 89 | E36: 1 | F36: 00 | G36: 77150 | H36: 200 | I36: =I37 -> 0.1 | J36: =J37 -> 0.1 | K36: =J36/I36*100 -> 100
A37: Иные закупки товаров, работ и услуг для обеспечения государственных (муниципальных) нужд | B37: 01 | C37: 04 | D37: 89 | E37: 1 | F37: 00 | G37: 77150 | H37: 240 | I37: =Ведомствен!J38 -> 0.1 | J37: =Ведомствен!K38 -> 0.1 | K37: =J37/I37*100 -> 100
A38: Резервные фонды | B38: 01 | C38: 11 | I38: =I39 -> 1 | J38: =J39 -> 0 | K38: =J38/I38*100 -> 0
A39: Непрограммные расходы главных распорядителей средств бюджета Адашевского сельского поселения Кадошкинского муниципального района Республики Мордовия | B39: 01 | C39: 11 | D39: 89 | I39: =I40 -> 1 | J39: =J40 -> 0 | K39: =J39/I39*100 -> 0
A40: Непрограммные расходы в рамках обеспечения деятельности главных распорядителей средств бюджета Адашевского сельского поселения Кадошкинского муниципального района Республики Мордовия | B40: 01 | C40: 11 | D40: 89 | E40: 1 | I40: =I41 -> 1 | J40: =J41 -> 0 | K40: =J40/I40*100 -> 0
A41: Резервный фонд администрации Адашевского сельского поселения Кадошкинского муниципального района Республики Мордовия | B41: 01 | C41: 11 | D41: 89 | E41: 1 | F41: 00 | G41: 41180 | I41: =I42 -> 1 | J41: =J42 -> 0 | K41: =J41/I41*100 -> 0
A42: Иные бюджетные ассигнования | B42: 01 | C42: 11 | D42: 89 | E42: 1 | F42: 00 | G42: 41180 | H42: 800 | I42: =I43 -> 1 | J42: =J43 -> 0 | K42: =J42/I42*100 -> 0
A43: Резервные средства | B43: 01 | C43: 11 | D43: 89 | E43: 1 | F43: 00 | G43: 41180 | H43: 870 | I43: =Ведомствен!J44 -> 1 | J43: =Ведомствен!K44 -> 0 | K43: =J43/I43*100 -> 0
A44: Другие общегосударственные вопросы | B44: 01 | C44: 13 | K44: =J44/I44*100 -> #DIV/0!
A45: Программа "Развитие муниципальной службы в Паевском сельском поселении на 2019-2022г.г." | B45: 01 | C45: 13 | D45: 01 | K45: =J45/I45*100 -> #DIV/0!
A46: Подготовка, переподготовка и повышение квалификации кадров | B46: 01 | C46: 13 | D46: 01 | E46: 0 | F46: 00 | G46: 41250 | K46: =J46/I46*100 -> #DIV/0!
A47: Прочая закупка товаров, работ и услуг | B47: 01 | C47: 13 | D47: 01 | E47: 0 | F47: 00 | G47: 41250 | H47: 244 | K47: =J47/I47*100 -> #DIV/0!
A48: Противопожарная безопасность на территории Адашевского сельского поселения на 2019-2020г.г. | B48: 01 | C48: 13 | D48: 08 | K48: =J48/I48*100 -> #DIV/0!
A49: Мероприятия по обеспечению пожарной безопасности | B49: 01 | C49: 13 | D49: 08 | E49: 0 | F49: 00 | G49: 42120 | K49: =J49/I49*100 -> #DIV/0!
A50: Прочая закупка товаров, работ и услуг | B50: 01 | C50: 13 | D50: 08 | E50: 0 | F50: 00 | G50: 42120 | H50: 244 | K50: =J50/I50*100 -> #DIV/0!
A51: Гармонизация межнациональных и межконфессиальных отношений в Паевском сельском поселении на 2016-2020г.г. | B51: 01 | C51: 13 | D51: 24 | K51: =J51/I51*100 -> #DIV/0!
A52: Мероприятия, направленные на развитие межнациональных отношений | B52: 01 | C52: 13 | D52: 24 | E52: 0 | F52: 00 | G52: 42310 | K52: =J52/I52*100 -> #DIV/0!
A53: Прочая закупка товаров, работ и услуг | B53: 01 | C53: 13 | D53: 24 | E53: 0 | F53: 00 | G53: 42310 | H53: 244 | K53: =J53/I53*100 -> #DIV/0!
A54: Программа по противодействию терроризму и экстремизму на территории Адашевского сельского поселения на 2019-2020г.г. | B54: 01 | C54: 13 | D54: 31 | K54: =J54/I54*100 -> #DIV/0!
A55: Мероприятия по укреплению общественного порядка и обеспечению общественной безопасности | B55: 01 | C55: 13 | D55: 31 | E55: 0 | F55: 00 | G55: 42300 | K55: =J55/I55*100 -> #DIV/0!
A56: Прочая закупка товаров, работ и услуг | B56: 01 | C56: 13 | D56: 31 | E56: 0 | F56: 00 | G56: 42300 | H56: 244 | K56: =J56/I56*100 -> #DIV/0!
A57: Национальная оборона | B57: 02 | I57: =I58 -> 84.5 | J57: =J58 -> 84.5 | K57: =J57/I57*100 -> 100
A58: Мобилизационная и вневойсковая подготовка | B58: 02 | C58: 03 | I58: =I59 -> 84.5 | J58: =J59 -> 84.5 | K58: =J58/I58*100 -> 100
A59: Непрограммные расходы главных распорядителей средств бюджета Адашевского сельского поселения Кадошкинского муниципального района Республики Мордовия | B59: 02 | C59: 03 | D59: 89 | I59: =I60 -> 84.5 | J59: =J60 -> 84.5 | K59: =J59/I59*100 -> 100
A60: Непрограммные расходы в рамках обеспечения деятельности главных распорядителей средств бюджета Адашевского сельского поселения Кадошкинского муниципального района Республики Мордовия | B60: 02 | C60: 03 | D60: 89 | E60: 1 | I60: =I61 -> 84.5 | J60: =J61 -> 84.5 | K60: =J60/I60*100 -> 100
A61: Осуществление первичного воинского учета на территориях, где отсутствуют военные комиссариаты | B61: 02 | C61: 03 | D61: 89 | E61: 1 | F61: 00 | G61: 51180 | I61: =I62+I64 -> 84.5 | J61: =J62+J64 -> 84.5 | K61: =J61/I61*100 -> 100
A62: Расходы на выплаты персоналу в целях обеспечения выполнения функций государственными (муниципальными) органами, казенными учреждениями, органами управления государственными внебюджетными фондами | B62: 02 | C62: 03 | D62: 89 | E62: 1 | F62: 00 | G62: 51180 | H62: 100 | I62: =I63 -> 75.8 | J62: =J63 -> 75.8 | K62: =J62/I62*100 -> 100
A63: Расходы на выплаты персоналу государственных (муниципальных) органов | B63: 02 | C63: 03 | D63: 89 | E63: 1 | F63: 00 | G63: 51180 | H63: 120 | I63: =Ведомствен!J51 -> 75.8 | J63: =Ведомствен!K51 -> 75.8 | K63: =J63/I63*100 -> 100
A64: Закупка товаров, работ и услуг для обеспечения государственных (муниципальных) нужд | B64: 02 | C64: 03 | D64: 89 | E64: 1 | F64: 00 | G64: 51180 | H64: 200 | I64: =I65 -> 8.7 | J64: =J65 -> 8.7 | K64: =J64/I64*100 -> 100
A65: Иные закупки товаров, работ и услуг для обеспечения государственных (муниципальных) нужд | B65: 02 | C65: 03 | D65: 89 | E65: 1 | F65: 00 | G65: 51180 | H65: 240 | I65: =Ведомствен!J53 -> 8.7 | J65: =Ведомствен!K53 -> 8.7 | K65: =J65/I65*100 -> 100
A66: Национальная экономика | B66: 04 | I66: =I67 -> 218.7 | J66: =J67 -> 204.2 | K66: =J66/I66*100 -> 93.369913
A67: Дорожное хозяйство (дорожные фонды) | B67: 04 | C67: 09 | I67: =I68 -> 218.7 | J67: =J68 -> 204.2 | K67: =J67/I67*100 -> 93.369913
A68: Непрограммные расходы главных распорядителей средств бюджета Адашевского сельского поселения Кадошкинского муниципального района Республики Мордовия | B68: 04 | C68: 09 | D68: 89 | I68: =I69 -> 218.7 | J68: =J69 -> 204.2 | K68: =J68/I68*100 -> 93.369913
A69: Непрограммные расходы в рамках обеспечения деятельности главных распорядителей средств бюджета Адашевского сельского поселения Кадошкинского муниципального района Республики Мордовия | B69: 04 | C69: 09 | D69: 89 | E69: 1 | I69: =I70 -> 218.7 | J69: =J70 -> 204.2 | K69: =J69/I69*100 -> 93.369913
A70: Осуществление полномочий по дорожной деятельности в отношении автомобильных дорог местного значения в границах населенных пунктов поселения и обеспечению безопасности дорожного движения на них | B70: 04 | C70: 09 | D70: 89 | E70: 1 | F70: 00 | G70: 44102 | I70: =I71 -> 218.7 | J70: =J71 -> 204.2 | K70: =J70/I70*100 -> 93.369913
A71: Закупка товаров, работ и услуг для обеспечения государственных (муниципальных) нужд | B71: 04 | C71: 09 | D71: 89 | E71: 1 | F71: 00 | G71: 44102 | H71: 200 | I71: =I72 -> 218.7 | J71: =J72 -> 204.2 | K71: =J71/I71*100 -> 93.369913
A72: Иные закупки товаров, работ и услуг для обеспечения государственных (муниципальных) нужд | B72: 04 | C72: 09 | D72: 89 | E72: 1 | F72: 00 | G72: 44102 | H72: 240 | I72: =Ведомствен!J60 -> 218.7 | J72: =Ведомствен!K60 -> 204.2 | K72: =J72/I72*100 -> 93.369913
A73: Жилищно-коммунальное хозяйство | B73: 05 | I73: =I74+I80 -> 458 | J73: =J74+J80 -> 359 | K73: =J73/I73*100 -> 78.384279
A74: Коммунальное хозяйство | B74: 05 | C74: 02 | I74: =I75 -> 0.4 | J74: =J75 -> 0 | K74: =J74/I74*100 -> 0
A75: Непрограммные расходы главных распорядителей средств бюджета Адашевского сельского поселения Кадошкинского муниципального района Республики Мордовия | B75: 05 | C75: 02 | D75: 89 | I75: =I76 -> 0.4 | J75: =J76 -> 0 | K75: =J75/I75*100 -> 0
A76: Непрограммные расходы в рамках обеспечения деятельности главных распорядителей средств бюджета Адашевского сельского поселения Кадошкинского муниципального района Республики Мордовия | B76: 05 | C76: 02 | D76: 89 | E76: 1 | I76: =I77 -> 0.4 | J76: =J77 -> 0 | K76: =J76/I76*100 -> 0
A77: Осуществление полномочий по организации в границах поселений электро-, тепло-, газо- и водоснабжения населения, водоотведения в пределах полномочий, установленных законодательством Российской Федерации | B77: 05 | C77: 02 | D77: 89 | E77: 1 | F77: 00 | G77: 44101 | I77: =I78 -> 0.4 | J77: =J78 -> 0 | K77: =J77/I77*100 -> 0
A78: Закупка товаров, работ и услуг для обеспечения государственных (муниципальных) нужд | B78: 05 | C78: 02 | D78: 89 | E78: 1 | F78: 00 | G78: 44101 | H78: 200 | I78: =I79 -> 0.4 | J78: =J79 -> 0 | K78: =J78/I78*100 -> 0
A79: Иные закупки товаров, работ и услуг для обеспечения государственных (муниципальных) нужд | B79: 05 | C79: 02 | D79: 89 | E79: 1 | F79: 00 | G79: 44101 | H79: 240 | I79: =Ведомствен!J67 -> 0.4 | J79: =Ведомствен!K67 -> 0 | K79: =J79/I79*100 -> 0
A80: Благоустройство | B80: 05 | C80: 03 | I80: =I86+I81 -> 457.6 | J80: =J86+J81 -> 359 | K80: =J80/I80*100 -> 78.452797
A81: Программа «Комплексное развитие Адашевского сельского поселения Кадошкинского муниципального района Республики Мордовия на 2020-2025 гг.» | B81: 05 | C81: 03 | D81: 22 | I81: =I82 -> 348.9 | J81: =J82 -> 250.5 | K81: =J81/I81*100 -> 71.797077
A82: Мероприятия по благоустройству сельских территорий | B82: 05 | C82: 03 | D82: 22 | E82: 0 | F82: 02 | I82: =I83 -> 348.9 | J82: =J83 -> 250.5 | K82: =J82/I82*100 -> 71.797077
A83: Благоустройство сельских территорий | B83: 05 | C83: 03 | D83: 22 | E83: 0 | F83: 02 | G83: L5764 | I83: =I84 -> 348.9 | J83: =J84 -> 250.5 | K83: =J83/I83*100 -> 71.797077
A84: Закупка товаров, работ и услуг для обеспечения государственных (муниципальных) нужд | B84: 05 | C84: 03 | D84: 22 | E84: 0 | F84: 02 | G84: L5764 | H84: 200 | I84: =I85 -> 348.9 | J84: =J85 -> 250.5 | K84: =J84/I84*100 -> 71.797077
A85: Иные закупки товаров, работ и услуг для обеспечения государственных (муниципальных) нужд | B85: 05 | C85: 03 | D85: 22 | E85: 0 | F85: 02 | G85: L5764 | H85: 240 | I85: =Ведомствен!J73 -> 348.9 | J85: =Ведомствен!K73 -> 250.5 | K85: =J85/I85*100 -> 71.797077
A86: Непрограммные расходы главных распорядителей средств бюджета Адашевского сельского поселения Кадошкинского муниципального района Республики Мордовия | B86: 05 | C86: 03 | D86: 89 | I86: =I87 -> 108.7 | J86: =J87 -> 108.5 | K86: =J86/I86*100 -> 99.816007
A87: Непрограммные расходы в рамках обеспечения деятельности главных распорядителей средств бюджета Адашевского сельского поселения Кадошкинского муниципального района Республики Мордовия | B87: 05 | C87: 03 | D87: 89 | E87: 1 | I87: =I88+I91 -> 108.7 | J87: =J88+J91 -> 108.5 | K87: =J87/I87*100 -> 99.816007
A88: Уличное освещение | B88: 05 | C88: 03 | D88: 89 | E88: 1 | F88: 00 | G88: 43010 | I88: =I89 -> 15.5 | J88: =J89 -> 15.5 | K88: =J88/I88*100 -> 100
A89: Закупка товаров, работ и услуг для обеспечения государственных (муниципальных) нужд | B89: 05 | C89: 03 | D89: 89 | E89: 1 | F89: 00 | G89: 43010 | H89: 200 | I89: =I90 -> 15.5 | J89: =J90 -> 15.5 | K89: =J89/I89*100 -> 100
A90: Иные закупки товаров, работ и услуг для обеспечения государственных (муниципальных) нужд | B90: 05 | C90: 03 | D90: 89 | E90: 1 | F90: 00 | G90: 43010 | H90: 240 | I90: =Ведомствен!J78 -> 15.5 | J90: =Ведомствен!K78 -> 15.5 | K90: =J90/I90*100 -> 100
A91: Прочие мероприятия по благоустройству | B91: 05 | C91: 03 | D91: 89 | E91: 1 | F91: 00 | G91: 43040 | I91: =I92 -> 93.2 | J91: =J92 -> 93 | K91: =J91/I91*100 -> 99.785408
A92: Закупка товаров, работ и услуг для обеспечения государственных (муниципальных) нужд | B92: 05 | C92: 03 | D92: 89 | E92: 1 | F92: 00 | G92: 43040 | H92: 200 | I92: =I93 -> 93.2 | J92: =J93 -> 93 | K92: =J92/I92*100 -> 99.785408
A93: Иные закупки товаров, работ и услуг для обеспечения государственных (муниципальных) нужд | B93: 05 | C93: 03 | D93: 89 | E93: 1 | F93: 00 | G93: 43040 | H93: 240 | I93: =Ведомствен!J81 -> 93.2 | J93: =Ведомствен!K81 -> 93 | K93: =J93/I93*100 -> 99.785408
A94: Социальная политика | B94: 10 | I94: =I95 -> 66.3 | J94: =J95 -> 66.3 | K94: =J94/I94*100 -> 100
A95: Пенсионное обеспечение | B95: 10 | C95: 01 | I95: =I96 -> 66.3 | J95: =J96 -> 66.3 | K95: =J95/I95*100 -> 100
A96: Непрограммные расходы главных распорядителей средств бюджета Адашевского сельского поселения Кадошкинского муниципального района Республики Мордовия | B96: 10 | C96: 01 | D96: 89 | I96: =I97 -> 66.3 | J96: =J97 -> 66.3 | K96: =J96/I96*100 -> 100
A97: Непрограммные расходы в рамках обеспечения деятельности главных распорядителей средств бюджета Адашевского сельского поселения Кадошкинского муниципального района Республики Мордовия | B97: 10 | C97: 01 | D97: 89 | E97: 1 | I97: =I98 -> 66.3 | J97: =J98 -> 66.3 | K97: =J97/I97*100 -> 100
A98: Доплаты к пенсиям муниципальных служащих Республики Мордовия | B98: 10 | C98: 01 | D98: 89 | E98: 1 | F98: 00 | G98: 03010 | I98: =I99 -> 66.3 | J98: =J99 -> 66.3 | K98: =J98/I98*100 -> 100
A99: Социальное обеспечение и иные выплаты населению | B99: 10 | C99: 01 | D99: 89 | E99: 1 | F99: 00 | G99: 03010 | H99: 300 | I99: =I100 -> 66.3 | J99: =J100 -> 66.3 | K99: =J99/I99*100 -> 100
A100: Публичные нормативные социальные выплаты гражданам | B100: 10 | C100: 01 | D100: 89 | E100: 1 | F100: 00 | G100: 03010 | H100: 310 | I100: =Ведомствен!J88 -> 66.3 | J100: =Ведомствен!K88 -> 66.3 | K100: =J100/I100*100 -> 100
A101: Обслуживание государственного и муниципального долга | B101: 13 | I101: =I102 -> 1 | J101: =J102 -> 1 | K101: =J101/I101*100 -> 100
A102: Обслуживание государственного внутреннего и муниципального долга | B102: 13 | C102: 01 | I102: =I103 -> 1 | J102: =J103 -> 1 | K102: =J102/I102*100 -> 100
...

Sheet Ведомствен
H1: Приложение 3
A3: ВЕДОМСТВЕННАЯ СТРУКТУРА РАСХОДОВ БЮДЖЕТА АДАШЕВСКОГО СЕЛЬСКОГО ПОСЕЛЕНИЯ КАДОШКИНСКОГО МУНИЦИПАЛЬНОГО РАЙОНА РЕСПУБЛИКИ МОРДОВИЯ НА 2020 ГОД
A5: Наименование | B5: Адм | C5: Рз | D5: ПРз | E5: ЦСР | I5: ВР | J5: Сумма (тыс. рублей)
J6: план 2020 | K6: фактическое исполнение 2020 | L6: % исполнения
A7: 1 | B7: 2 | C7: 3 | D7: 4 | E7: 5 | F7: 6 | G7: 7 | H7: 8 | I7: 9 | J7: 10 | K7: 11 | L7: 12
A8: ВСЕГО | J8: =J9 -> 1809.7 | K8: =K9 -> 1695.2 | L8: =K8/J8*100 -> 93.672984
A9: Администрация Адашевского сельского поселения Кадошкинского муниципального района Республики Мордовия | B9: 910 | J9: =J10+J45+J54+J61+J82+J89 -> 1809.7 | K9: =K10+K45+K54+K61+K82+K89 -> 1695.2 | L9: =K9/J9*100 -> 93.672984
A10: Общегосударственные вопросы | B10: 910 | C10: 01 | J10: =J11+J20+J39 -> 981.2 | K10: =K11+K20+K39 -> 980.2 | L10: =K10/J10*100 -> 99.898084
A11: Функционирование высшего должностного лица субъекта Российской Федерации и муниципального образования | B11: 910 | C11: 01 | D11: 02 | J11: =J12 -> 441.1 | K11: =K12 -> 441.1 | L11: =K11/J11*100 -> 100
A12: Обеспечение деятельности администрации | B12: 910 | C12: 01 | D12: 02 | E12: 65 | J12: =J13 -> 441.1 | K12: =K13 -> 441.1 | L12: =K12/J12*100 -> 100
A13: Высшее должностное лицо | B13: 910 | C13: 01 | D13: 02 | E13: 65 | F13: 1 | J13: =J14+J17 -> 441.1 | K13: =K14+K17 -> 441.1 | L13: =K13/J13*100 -> 100
A14: Расходы на выплаты по оплате труда высшего должностного лица | B14: 910 | C14: 01 | D14: 02 | E14: 65 | F14: 1 | G14: 00 | H14: 41150 | J14: =J15 -> 241.2 | K14: =K15 -> 241.2 | L14: =K14/J14*100 -> 100
A15: Расходы на выплаты персоналу в целях обеспечения выполнения функций государственными (муниципальными) органами, казенными учреждениями, органами управления государственными внебюджетными фондами | B15: 910 | C15: 01 | D15: 02 | E15: 65 | F15: 1 | G15: 00 | H15: 41150 | I15: 100 | J15: =J16 -> 241.2 | K15: =K16 -> 241.2 | L15: =K15/J15*100 -> 100
A16: Расходы на выплаты персоналу государственных (муниципальных) органов | B16: 910 | C16: 01 | D16: 02 | E16: 65 | F16: 1 | G16: 00 | H16: 41150 | I16: 120 | J16: 241.2 | K16: 241.2 | L16: =K16/J16*100 -> 100
A17: Субсидии на софинансирование расходных обязательств по финансовому обеспечению деятельности органов местного самоуправления и муниципальных учреждений | B17: 910 | C17: 01 | D17: 02 | E17: 65 | F17: 1 | G17: 00 | H17: 44205 | J17: =J18 -> 199.9 | K17: =K18 -> 199.9 | L17: =K17/J17*100 -> 100
A18: Расходы на выплаты персоналу в целях обеспечения выполнения функций государственными (муниципальными) органами, казенными учреждениями, органами управления государственными внебюджетными фондами | B18: 910 | C18: 01 | D18: 02 | E18: 65 | F18: 1 | G18: 00 | H18: 44205 | I18: 100 | J18: =J19 -> 199.9 | K18: =K19 -> 199.9 | L18: =K18/J18*100 -> 100
A19: Расходы на выплаты персоналу государственных (муниципальных) органов | B19: 910 | C19: 01 | D19: 02 | E19: 65 | F19: 1 | G19: 00 | H19: 44205 | I19: 120 | J19: 199.9 | K19: 199.9 | L19: =K19/J19*100 -> 100
A20: Функционирование Правительства Российской Федерации, высших органов исполнительной власти субъектов Российской Федерации, местных администраций | B20: 910 | C20: 01 | D20: 04 | J20: =J21+J34 -> 539.1 | K20: =K21+K34 -> 539.1 | L20: =K20/J20*100 -> 100
A21: Обеспечение деятельности администрации | B21: 910 | C21: 01 | D21: 04 | E21: 65 | J21: =J22 -> 539 | K21: =K22 -> 539 | L21: =K21/J21*100 -> 100
A22: Непрограммные расходы в рамках обеспечения деятельности администрации | B22: 910 | C22: 01 | D22: 04 | E22: 65 | F22: 2 | J22: =J24+J26+J31 -> 539 | K22: =K24+K26+K31 -> 539 | L22: =K22/J22*100 -> 100
A23: Расходы на выплаты по оплате труда работников органов местного самоуправления | B23: 910 | C23: 01 | D23: 04 | E23: 65 | F23: 2 | G23: 00 | H23: 41110 | J23: =J24 -> 181.9 | K23: =K24 -> 181.9 | L23: =K23/J23*100 -> 100
A24: Расходы на выплаты персоналу в целях обеспечения выполнения функций государственными (муниципальными) органами, казенными учреждениями, органами управления государственными внебюджетными фондами | B24: 910 | C24: 01 | D24: 04 | E24: 65 | F24: 2 | G24: 00 | H24: 41110 | I24: 100 | J24: =J25 -> 181.9 | K24: =K25 -> 181.9 | L24: =K24/J24*100 -> 100
A25: Расходы на выплаты персоналу государственных (муниципальных) органов | B25: 910 | C25: 01 | D25: 04 | E25: 65 | F25: 2 | G25: 00 | H25: 41110 | I25: 120 | J25: 181.9 | K25: 181.9 | L25: =K25/J25*100 -> 100
A26: Расходы на обеспечение функций органов местного самоуправления | B26: 910 | C26: 01 | D26: 04 | E26: 65 | F26: 2 | G26: 00 | H26: 41120 | J26: =J29+J27 -> 176.8 | K26: =K29+K27 -> 176.8 | L26: =K26/J26*100 -> 100
A27: Закупка товаров, работ и услуг для обеспечения государственных (муниципальных) нужд | B27: 910 | C27: 01 | D27: 04 | E27: 65 | F27: 2 | G27: 00 | H27: 41120 | I27: 200 | J27: =J28 -> 151.2 | K27: =K28 -> 151.2 | L27: =K27/J27*100 -> 100
A28: Иные закупки товаров, работ и услуг для обеспечения государственных (муниципальных) нужд | B28: 910 | C28: 01 | D28: 04 | E28: 65 | F28: 2 | G28: 00 | H28: 41120 | I28: 240 | J28: 151.2 | K28: 151.2 | L28: =K28/J28*100 -> 100
A29: Иные бюджетные ассигнования | B29: 910 | C29: 01 | D29: 04 | E29: 65 | F29: 2 | G29: 00 | H29: 41120 | I29: 800 | J29: =J30 -> 25.6 | K29: =K30 -> 25.6 | L29: =K29/J29*100 -> 100
A30: Уплата налогов, сборов и иных платежей | B30: 910 | C30: 01 | D30: 04 | E30: 65 | F30: 2 | G30: 00 | H30: 41120 | I30: 850 | J30: 25.6 | K30: 25.6 | L30: =K30/J30*100 -> 100
A31: Субсидии на софинансирование расходных обязательств по финансовому обеспечению деятельности органов местного самоуправления и муниципальных учреждений | B31: 910 | C31: 01 | D31: 04 | E31: 65 | F31: 2 | G31: 00 | H31: 44205 | J31: =J32 -> 180.3 | K31: =K32 -> 180.3 | L31: =K31/J31*100 -> 100
A32: Расходы на выплаты персоналу в целях обеспечения выполнения функций государственными (муниципальными) органами, казенными учреждениями, органами управления государственными внебюджетными фондами | B32: 910 | C32: 01 | D32: 04 | E32: 65 | F32: 2 | G32: 00 | H32: 44205 | I32: 100 | J32: =J33 -> 180.3 | K32: =K33 -> 180.3 | L32: =K32/J32*100 -> 100
A33: Расходы на выплаты персоналу государственных (муниципальных) органов | B33: 910 | C33: 01 | D33: 04 | E33: 65 | F33: 2 | G33: 00 | H33: 44205 | I33: 120 | J33: 180.3 | K33: 180.3 | L33: =K33/J33*100 -> 100
A34: Непрограммные расходы главных распорядителей средств бюджета Адашевского сельского поселения Кадошкинского муниципального района Республики Мордовия | B34: 910 | C34: 01 | D34: 04 | E34: 89 | J34: =J35 -> 0.1 | K34: =K35 -> 0.1 | L34: =K34/J34*100 -> 100
A35: Непрограммные расходы в рамках обеспечения деятельности главных распорядителей средств бюджета Адашевского сельского поселения Кадошкинского муниципального района Республики Мордовия | B35: 910 | C35: 01 | D35: 04 | E35: 89 | F35: 1 | J35: =J36 -> 0.1 | K35: =K36 -> 0.1 | L35: =K35/J35*100 -> 100
A36: Осуществление государственных полномочий Республики Мордовия по определению перечня должностных лиц, уполномоченных составлять протоколы об административных правонарушениях, предусмотренных Законом Республики Мордовия от 15 июня 2015 года № 38-З "Об административной ответственности на территории Республики Мордовия" | B36: 910 | C36: 01 | D36: 04 | E36: 89 | F36: 1 | G36: 00 | H36: 77150 | J36: =J37 -> 0.1 | K36: =K37 -> 0.1 | L36: =K36/J36*100 -> 100
A37: Закупка товаров, работ и услуг для обеспечения государственных (муниципальных) нужд | B37: 910 | C37: 01 | D37: 04 | E37: 89 | F37: 1 | G37: 00 | H37: 77150 | I37: 200 | J37: =J38 -> 0.1 | K37: =K38 -> 0.1 | L37: =K37/J37*100 -> 100
A38: Иные закупки товаров, работ и услуг для обеспечения государственных (муниципальных) нужд | B38: 910 | C38: 01 | D38: 04 | E38: 89 | F38: 1 | G38: 00 | H38: 77150 | I38: 240 | J38: 0.1 | K38: 0.1 | L38: =K38/J38*100 -> 100
A39: Резервные фонды | B39: 910 | C39: 01 | D39: 11 | J39: =J40 -> 1 | K39: =K40 -> 0 | L39: =K39/J39*100 -> 0
A40: Непрограммные расходы главных распорядителей средств бюджета Адашевского сельского поселения Кадошкинского муниципального района Республики Мордовия | B40: 910 | C40: 01 | D40: 11 | E40: 89 | J40: =J41 -> 1 | K40: =K41 -> 0 | L40: =K40/J40*100 -> 0
A41: Непрограммные расходы в рамках обеспечения деятельности главных распорядителей средств бюджета Адашевского сельского поселения Кадошкинского муниципального района Республики Мордовия | B41: 910 | C41: 01 | D41: 11 | E41: 89 | F41: 1 | J41: =J42 -> 1 | K41: =K42 -> 0 | L41: =K41/J41*100 -> 0
A42: Резервный фонд администрации Адашевского сельского поселения Кадошкинского муниципального района Республики Мордовия | B42: 910 | C42: 01 | D42: 11 | E42: 89 | F42: 1 | G42: 00 | H42: 41180 | J42: =J43 -> 1 | K42: =K43 -> 0 | L42: =K42/J42*100 -> 0
A43: Иные бюджетные ассигнования | B43: 910 | C43: 01 | D43: 11 | E43: 89 | F43: 1 | G43: 00 | H43: 41180 | I43: 800 | J43: =J44 -> 1 | K43: =K44 -> 0 | L43: =K43/J43*100 -> 0
A44: Резервные средства | B44: 910 | C44: 01 | D44: 11 | E44: 89 | F44: 1 | G44: 00 | H44: 41180 | I44: 870 | J44: 1 | K44: 0 | L44: =K44/J44*100 -> 0
A45: Национальная оборона | B45: 910 | C45: 02 | J45: =J46 -> 84.5 | K45: =K46 -> 84.5 | L45: =K45/J45*100 -> 100
A46: Мобилизационная и вневойсковая подготовка | B46: 910 | C46: 02 | D46: 03 | J46: =J49 -> 84.5 | K46: =K49 -> 84.5 | L46: =K46/J46*100 -> 100
A47: Непрограммные расходы главных распорядителей средств бюджета Адашевского сельского поселения Кадошкинского муниципального района Республики Мордовия | B47: 910 | C47: 02 | D47: 03 | E47: 89 | J47: =J48 -> 84.5 | K47: =K48 -> 84.5 | L47: =K47/J47*100 -> 100
A48: Непрограммные расходы в рамках обеспечения деятельности главных распорядителей средств бюджета Адашевского сельского поселения Кадошкинского муниципального района Республики Мордовия | B48: 910 | C48: 02 | D48: 03 | E48: 89 | F48: 1 | J48: =J49 -> 84.5 | K48: =K49 -> 84.5 | L48: =K48/J48*100 -> 100
A49: Осуществление первичного воинского учета на территориях, где отсутствуют военные комиссариаты | B49: 910 | C49: 02 | D49: 03 | E49: 89 | F49: 1 | G49: 00 | H49: 51180 | J49: =J50+J52 -> 84.5 | K49: =K50+K52 -> 84.5 | L49: =K49/J49*100 -> 100
A50: Расходы на выплаты персоналу в целях обеспечения выполнения функций государственными (муниципальными) органами, казенными учреждениями, органами управления государственными внебюджетными фондами | B50: 910 | C50: 02 | D50: 03 | E50: 89 | F50: 1 | G50: 00 | H50: 51180 | I50: 100 | J50: =J51 -> 75.8 | K50: =K51 -> 75.8 | L50: =K50/J50*100 -> 100
A51: Расходы на выплаты персоналу государственных (муниципальных) органов | B51: 910 | C51: 02 | D51: 03 | E51: 89 | F51: 1 | G51: 00 | H51: 51180 | I51: 120 | J51: 75.8 | K51: 75.8 | L51: =K51/J51*100 -> 100
A52: Закупка товаров, работ и услуг для обеспечения государственных (муниципальных) нужд | B52: 910 | C52: 02 | D52: 03 | E52: 89 | F52: 1 | G52: 00 | H52: 51180 | I52: 200 | J52: =J53 -> 8.7 | K52: =K53 -> 8.7 | L52: =K52/J52*100 -> 100
A53: Иные закупки товаров, работ и услуг для обеспечения государственных (муниципальных) нужд | B53: 910 | C53: 02 | D53: 03 | E53: 89 | F53: 1 | G53: 00 | H53: 51180 | I53: 240 | J53: 8.7 | K53: 8.7 | L53: =K53/J53*100 -> 100
A54: Национальная экономика | B54: 910 | C54: 04 | J54: =J55 -> 218.7 | K54: =K55 -> 204.2 | L54: =K54/J54*100 -> 93.369913
A55: Дорожное хозяйство (дорожные фонды) | B55: 910 | C55: 04 | D55: 09 | J55: =J56 -> 218.7 | K55: =K56 -> 204.2 | L55: =K55/J55*100 -> 93.369913
A56: Непрограммные расходы главных распорядителей средств бюджета Адашевского сельского поселения Кадошкинского муниципального района Республики Мордовия | B56: 910 | C56: 04 | D56: 09 | E56: 89 | J56: =J57 -> 218.7 | K56: =K57 -> 204.2 | L56: =K56/J56*100 -> 93.369913
A57: Непрограммные расходы в рамках обеспечения деятельности главных распорядителей средств бюджета Адашевского сельского поселения Кадошкинского муниципального района Республики Мордовия | B57: 910 | C57: 04 | D57: 09 | E57: 89 | F57: 1 | J57: =J58 -> 218.7 | K57: =K58 -> 204.2 | L57: =K57/J57*100 -> 93.369913
A58: Осуществление полномочий по дорожной деятельности в отношении автомобильных дорог местного значения в границах населенных пунктов поселения и обеспечению безопасности дорожного движения на них | B58: 910 | C58: 04 | D58: 09 | E58: 89 | F58: 1 | G58: 00 | H58: 44102 | J58: =J59 -> 218.7 | K58: =K59 -> 204.2 | L58: =K58/J58*100 -> 93.369913
A59: Закупка товаров, работ и услуг для обеспечения государственных (муниципальных) нужд | B59: 910 | C59: 04 | D59: 09 | E59: 89 | F59: 1 | G59: 00 | H59: 44102 | I59: 200 | J59: =J60 -> 218.7 | K59: =K60 -> 204.2 | L59: =K59/J59*100 -> 93.369913
A60: Иные закупки товаров, работ и услуг для обеспечения государственных (муниципальных) нужд | B60: 910 | C60: 04 | D60: 09 | E60: 89 | F60: 1 | G60: 00 | H60: 44102 | I60: 240 | J60: 218.7 | K60: 204.2 | L60: =K60/J60*100 -> 93.369913
A61: Жилищно-коммунальное хозяйство | B61: 910 | C61: 05 | J61: =J62+J68 -> 458 | K61: =K62+K68 -> 359 | L61: =K61/J61*100 -> 78.384279
A62: Коммунальное хозяйство | B62: 910 | C62: 05 | D62: 02 | J62: =J63 -> 0.4 | K62: =K63 -> 0 | L62: =K62/J62*100 -> 0
A63: Непрограммные расходы главных распорядителей средств бюджета Адашевского сельского поселения Кадошкинского муниципального района Республики Мордовия | B63: 910 | C63: 05 | D63: 02 | E63: 89 | J63: =J64 -> 0.4 | K63: =K64 -> 0 | L63: =K63/J63*100 -> 0
A64: Непрограммные расходы в рамках обеспечения деятельности главных распорядителей средств бюджета Адашевского сельского поселения Кадошкинского муниципального района Республики Мордовия | B64: 910 | C64: 05 | D64: 02 | E64: 89 | F64: 1 | J64: =J65 -> 0.4 | K64: =K65 -> 0 | L64: =K64/J64*100 -> 0
A65: Осуществление полномочий по организации в границах поселений электро-, тепло-, газо- и водоснабжения населения, водоотведения в пределах полномочий, установленных законодательством Российской Федерации | B65: 910 | C65: 05 | D65: 02 | E65: 89 | F65: 1 | G65: 00 | H65: 44101 | J65: =J66 -> 0.4 | K65: =K66 -> 0 | L65: =K65/J65*100 -> 0
A66: Закупка товаров, работ и услуг для обеспечения государственных (муниципальных) нужд | B66: 910 | C66: 05 | D66: 02 | E66: 89 | F66: 1 | G66: 00 | H66: 44101 | I66: 200 | J66: =J67 -> 0.4 | K66: =K67 -> 0 | L66: =K66/J66*100 -> 0
A67: Иные закупки товаров, работ и услуг для обеспечения государственных (муниципальных) нужд | B67: 910 | C67: 05 | D67: 02 | E67: 89 | F67: 1 | G67: 00 | H67: 44101 | I67: 240 | J67: 0.4 | K67: 0 | L67: =K67/J67*100 -> 0
A68: Благоустройство | B68: 910 | C68: 05 | D68: 03 | J68: =J74+J69 -> 457.6 | K68: =K74+K69 -> 359 | L68: =K68/J68*100 -> 78.452797
A69: Программа «Комплексное развитие Адашевского сельского поселения Кадошкинского муниципального района Республики Мордовия на 2020-2025 гг.» | B69: 910 | C69: 05 | D69: 03 | E69: 22 | J69: =J70 -> 348.9 | K69: =K70 -> 250.5 | L69: =K69/J69*100 -> 71.797077
A70: Мероприятия по благоустройству сельских территорий | B70: 910 | C70: 05 | D70: 03 | E70: 22 | F70: 0 | G70: 02 | J70: =J71 -> 348.9 | K70: =K71 -> 250.5 | L70: =K70/J70*100 -> 71.797077
A71: Благоустройство сельских территорий | B71: 910 | C71: 05 | D71: 03 | E71: 22 | F71: 0 | G71: 02 | H71: L5764 | J71: =J72 -> 348.9 | K71: =K72 -> 250.5 | L71: =K71/J71*100 -> 71.797077
A72: Закупка товаров, работ и услуг для обеспечения государственных (муниципальных) нужд | B72: 910 | C72: 05 | D72: 03 | E72: 22 | F72: 0 | G72: 02 | H72: L5764 | I72: 200 | J72: =J73 -> 348.9 | K72: =K73 -> 250.5 | L72: =K72/J72*100 -> 71.797077
A73: Иные закупки товаров, работ и услуг для обеспечения государственных (муниципальных) нужд | B73: 910 | C73: 05 | D73: 03 | E73: 22 | F73: 0 | G73: 02 | H73: L5764 | I73: 240 | J73: 348.9 | K73: 250.5 | L73: =K73/J73*100 -> 71.797077
A74: Непрограммные расходы главных распорядителей средств бюджета Адашевского сельского поселения Кадошкинского муниципального района Республики Мордовия | B74: 910 | C74: 05 | D74: 03 | E74: 89 | J74: =J76+J79 -> 108.7 | K74: =K76+K79 -> 108.5 | L74: =K74/J74*100 -> 99.816007
A75: Непрограммные расходы в рамках обеспечения деятельности главных распорядителей средств бюджета Адашевского сельского поселения Кадошкинского муниципального района Республики Мордовия | B75: 910 | C75: 05 | D75: 03 | E75: 89 | F75: 1 | J75: =J76+J79 -> 108.7 | K75: =K76+K79 -> 108.5 | L75: =K75/J75*100 -> 99.816007
A76: Уличное освещение | B76: 910 | C76: 05 | D76: 03 | E76: 89 | F76: 1 | G76: 00 | H76: 43010 | J76: =J77 -> 15.5 | K76: =K77 -> 15.5 | L76: =K76/J76*100 -> 100
A77: Закупка товаров, работ и услуг для обеспечения государственных (муниципальных) нужд | B77: 910 | C77: 05 | D77: 03 | E77: 89 | F77: 1 | G77: 00 | H77: 43010 | I77: 200 | J77: =J78 -> 15.5 | K77: =K78 -> 15.5 | L77: =K77/J77*100 -> 100
A78: Иные закупки товаров, работ и услуг для обеспечения государственных (муниципальных) нужд | B78: 910 | C78: 05 | D78: 03 | E78: 89 | F78: 1 | G78: 00 | H78: 43010 | I78: 240 | J78: 15.5 | K78: 15.5 | L78: =K78/J78*100 -> 100
A79: Прочие мероприятия по благоустройству | B79: 910 | C79: 05 | D79: 03 | E79: 89 | F79: 1 | G79: 00 | H79: 43040 | J79: =J80 -> 93.2 | K79: =K80 -> 93 | L79: =K79/J79*100 -> 99.785408
A80: Закупка товаров, работ и услуг для обеспечения государственных (муниципальных) нужд | B80: 910 | C80: 05 | D80: 03 | E80: 89 | F80: 1 | G80: 00 | H80: 43040 | I80: 200 | J80: =J81 -> 93.2 | K80: =K81 -> 93 | L80: =K80/J80*100 -> 99.785408
A81: Иные закупки товаров, работ и услуг для обеспечения государственных (муниципальных) нужд | B81: 910 | C81: 05 | D81: 03 | E81: 89 | F81: 1 | G81: 00 | H81: 43040 | I81: 240 | J81: 93.2 | K81: 93 | L81: =K81/J81*100 -> 99.785408
A82: Социальная политика | B82: 910 | C82: 10 | J82: =J83 -> 66.3 | K82: =K83 -> 66.3 | L82: =K82/J82*100 -> 100
A83: Пенсионное обеспечение | B83: 910 | C83: 10 | D83: 01 | J83: =J84 -> 66.3 | K83: =K84 -> 66.3 | L83: =K83/J83*100 -> 100
A84: Непрограммные расходы главных распорядителей средств бюджета Адашевского сельского поселения Кадошкинского муниципального района Республики Мордовия | B84: 910 | C84: 10 | D84: 01 | E84: 89 | J84: =J85 -> 66.3 | K84: =K85 -> 66.3 | L84: =K84/J84*100 -> 100
A85: Непрограммные расходы в рамках обеспечения деятельности главных распорядителей средств бюджета Адашевского сельского поселения Кадошкинского муниципального района Республики Мордовия | B85: 910 | C85: 10 | D85: 01 | E85: 89 | F85: 1 | J85: =J86 -> 66.3 | K85: =K86 -> 66.3 | L85: =K85/J85*100 -> 100
A86: Доплаты к пенсиям муниципальных служащих Республики Мордовия | B86: 910 | C86: 10 | D86: 01 | E86: 89 | F86: 1 | G86: 00 | H86: 03010 | J86: =J87 -> 66.3 | K86: =K87 -> 66.3 | L86: =K86/J86*100 -> 100
A87: Социальное обеспечение и иные выплаты населению | B87: 910 | C87: 10 | D87: 01 | E87: 89 | F87: 1 | G87: 00 | H87: 03010 | I87: 300 | J87: =J88 -> 66.3 | K87: =K88 -> 66.3 | L87: =K87/J87*100 -> 100
A88: Публичные нормативные социальные выплаты гражданам | B88: 910 | C88: 10 | D88: 01 | E88: 89 | F88: 1 | G88: 00 | H88: 03010 | I88: 310 | J88: 66.3 | K88: 66.3 | L88: =K88/J88*100 -> 100
A89: Обслуживание государственного и муниципального долга | B89: 910 | C89: 13 | J89: =J90 -> 1 | K89: =K90 -> 1 | L89: =K89/J89*100 -> 100
A90: Обслуживание государственного внутреннего и муниципального долга | B90: 910 | C90: 13 | D90: 01 | J90: =J91 -> 1 | K90: =K91 -> 1 | L90: =K90/J90*100 -> 100
A91: Непрограммные расходы главных распорядителей средств бюджета Адашевского сельского поселения Кадошкинского муниципального района Республики Мордовия | B91: 910 | C91: 13 | D91: 01 | E91: 89 | J91: =J92 -> 1 | K91: =K92 -> 1 | L91: =K91/J91*100 -> 100
A92: Непрограммные расходы в рамках обеспечения деятельности главных распорядителей средств бюджета Адашевского сельского поселения Кадошкинского муниципального района Республики Мордовия | B92: 910 | C92: 13 | D92: 01 | E92: 89 | F92: 1 | J92: =J93 -> 1 | K92: =K93 -> 1 | L92: =K92/J92*100 -> 100
A93: Процентные платежи по муниципальному долгу | B93: 910 | C93: 13 | D93: 01 | E93: 89 | F93: 1 | G93: 00 | H93: 41240 | J93: =J94 -> 1 | K93: =K94 -> 1 | L93: =K93/J93*100 -> 100
A94: Обслуживание государственного (муниципального) долга | B94: 910 | C94: 13 | D94: 01 | E94: 89 | F94: 1 | G94: 00 | H94: 41240 | I94: 700 | J94: =J95 -> 1 | K94: =K95 -> 1 | L94: =K94/J94*100 -> 100
A95: Обслуживание муниципального долга | B95: 910 | C95: 13 | D95: 01 | E95: 89 | F95: 1 | G95: 00 | H95: 41240 | I95: 730 | J95: 1 | K95: 1 | L95: =K95/J95*100 -> 100

Sheet Источники
D1: Приложение 4
A3: ИСТОЧНИКИ ВНУТРЕННЕГО ФИНАНСИРОВАНИЯ ДЕФИЦИТА БЮДЖЕТА АДАШЕВСКОГО СЕЛЬСКОГО ПОСЕЛЕНИЯ КАДОШКИНСКОГО МУНИЦИПАЛЬНОГО РАЙОНА РЕСПУБЛИКИ МОРДОВИЯ НА 2020 ГОД
A5: Код | B5: НАИМЕНОВАНИЕ | C5: план 2020 | D5: фактическое исполнение 2020
A6: 1 | B6: 2 | C6: 3 | D6: 4
A7: 000 01 00 00 00 00 0000 000 | B7: ИСТОЧНИКИ ВНУТРЕННЕГО ФИНАНСИРОВАНИЯ ДЕФИЦИТОВ БЮДЖЕТОВ | C7: =C8+C15 -> 253.8 | D7: =D15 -> 240.3
A8: 000 01 02 00 00 00 0000 000 | B8: Кредиты кредитных организаций в валюте Российской Федерации | C8: =SUM(C9) -> 0 | D8: =SUM(D9) -> 0
A9: 000 01 02 00 00 00 0000 700 | B9: Получение кредитов от кредитных организаций в валюте Российской Федерации | C9: =SUM(C10) -> 0 | D9: =SUM(D10) -> 0
A10: 000 01 02 00 00 10 0000 710 | B10: Получение кредитов от других бюджетов бюджетной системы Российской Федерации бюджетами сельских поселений в валюте Российской Федерации | C10: 0 | D10: 0
A11: 000 01 03 00 00 00 0000 000 | B11: Бюджетные кредиты от других бюджетов бюджетной системы Российской Федерации | C11: =C12 -> 0 | D11: =D12 -> 0
A12: 000 01 03 01 00 00 0000 000 | B12: Бюджетные кредиты от других бюджетов бюджетной системы Российской Федерации в валюте Российской Федерации | C12: =C13 -> 0 | D12: =D13 -> 0
A13: 000 01 03 01 00 10 0000 800 | B13: Погашение бюджетных кредитов, полученных от других бюджетов бюджетной системы Российской Федерации в валюте Российской Федерации | C13: =SUM(C14) -> 0 | D13: =SUM(D14) -> 0
A14: 000 01 03 01 00 10 0000 810 | B14: Погашение бюджетами сельских поселений кредитов от других бюджетов бюджетной системы Российской Федерации в валюте Российской Федерации | C14: 0 | D14: 0
A15: 000 01 05 00 00 00 0000 000 | B15: Изменения остатков средств на счетах по учету средств бюджета | C15: =C18+C19 -> 253.8 | D15: =D18+D19 -> 240.3
A16: 000 01 05 02 00 00 0000 500 | B16: Увеличение прочих остатков средств бюджетов | C16: =SUM(C17) -> -1555.9 | D16: =SUM(D17) -> -1456.5
A17: 000 01 05 02 01 00 0000 510 | B17: Увеличение прочих остатков денежных средств бюджетов | C17: =SUM(C18) -> -1555.9 | D17: =SUM(D18) -> -1456.5
A18: 000 01 05 02 01 10 0000 510 | B18: Увеличение остатков денежных средств местных бюджетов | C18: =-(Доходы!C9+C10) -> -1555.9 | D18: -1456.5
A19: 000 01 05 02 00 00 0000 600 | B19: Уменьшение прочих остатков средств бюджетов | C19: =SUM(C20) -> 1809.7 | D19: =SUM(D20) -> 1696.8
A20: 000 01 05 02 01 00 0000 610 | B20: Уменьшение прочих остатков денежных средств бюджетов | C20: =SUM(C21) -> 1809.7 | D20: =SUM(D21) -> 1696.8
A21: 000 01 05 02 01 10 0000 610 | B21: Уменьшение прочих остатков денежных средств местных бюджетов | C21: =Функцион!I8 -> 1809.7 | D21: 1696.8
A22: 000 01 00 00 00 00 0000 000 | B22: Итого источников внутреннего финансирования дефицита бюджета Адашевского сельского поселения Кадошкинского муниципального района Республики Мордовия | C22: =C18+C21 -> 253.8 | D22: =D18+D21 -> 240.3
